 Dungeon Crawl Stone Soup version 0.31-a0-618-g7ca08c1ff9 (webtiles) character file.

Game seed: 4532183219628887502

147 spiderkeys the Ruffian (level 5, -1/35 HPs)
             Began as an Octopode Shapeshifter on Aug 22, 2023.
             Slain by an ogre
             ... wielding a +0 giant spiked club
              (27 damage)
             ... on level 4 of the Dungeon.
             The game lasted 00:03:32 (3491 turns).

spiderkeys the Ruffian (Octopode Shapeshifter)      Turns: 3491, Time: 00:03:33

Health: -1/35      AC:  1    Str: 15    XL:     5   Next: 29%
Magic:  5/5        EV: 14    Int: 10    God:
Gold:   156        SH:  0    Dex: 14    Spells: 4/4 levels left

rFire   . .          .
                       - Unarmed
rCold   . . .        (no shield)
rNeg    . . .        (helmet currently unavailable)
rPois   .            (no amulet)
rElec   .            (no ring)
rCorr   .            (no ring)
SInv    .            (no ring)
Will    .....        (no ring)
Stlth   ++           (no ring)
HPRegen 0.25/turn    (no ring)
MPRegen 0.09/turn    (no ring)
                     (no ring)

%: no passive effects
@: beast-form
A: beast (slay +2), almost no armour, amphibious, 8 rings, camouflage 1,
gelatinous body 1, (nimble swimmer 1), tentacles
a: Begin Untransformation


You were on level 4 of the Dungeon.
You were a hulking beast.
You visited 2 branches of the dungeon, and saw 5 of its levels.

You collected 184 gold pieces.
You spent 28 gold pieces at shops.


Innate Abilities, Weirdness & Mutations

You are a hulking beast.
Your limbs bulge with bestial killing power. (Slay +2)
You cannot wear most types of armour.
You are amphibious.
You can wear up to eight rings at the same time.
Your skin changes colour to match your surroundings (Stealth+).
Your rubbery body absorbs attacks. (AC +1, EV +1)
((You are camouflaged when in or above water. (Stealth+)))
You have tentacles for arms and can constrict up to eight enemies at once.


   Skills:
 + Level 2.5 Fighting
 + Level 3.1 Dodging
 + Level 3.9 Unarmed Combat
 + Level 3.7 Shapeshifting


You had 4 spell levels left.
You didn't know any spells.
Your spell library contained the following spells:

 Spells                   Type           Power      Damage    Failure   Level
 Ozocubu's Armour         Ice            0%         N/A       75%         3
 Metabolic Englaciation   Hex/Ice        0%         N/A       100%        5
 Simulacrum               Ice/Necr       0%         N/A       100%        6

Inventory:

Missiles
 d - 17 stones
Talismans
 b - a beast talisman (active)
 c - a flux talisman
Scrolls
 f - a scroll of silence {!r}
 h - 2 scrolls of teleportation {@r4}
 i - a scroll of noise {!r}
 j - a scroll of revelation
 k - a scroll of identify {@r1}
 l - a scroll of brand weapon {unknown}
Potions
 a - 2 potions of lignification {!q}
 e - a potion of berserk rage {!q}
 g - a potion of haste {unknown}

Dungeon Overview and Level Annotations

Branches:
Dungeon (4/15) Zot: 20518  Temple (1/1) D:4 Zot: 5998

Altars:
Dithmenos
Elyvilon
Fedhas
Hepliaklqana
Makhleb
Okawaru
Qazlal
Ru
Uskayaw
Vehumet

Shops:
D:1

*
###........#..........#
...#######.#..........#
#.#..~~~..#...........##
.#..~...~..#.........?.#
#...~._.~...#..?.......#
.#..~...~..#...........#
..#..~~~..#............#
...#######.##..........#
..........# #...h......#
.....###### #....O.....#
......# ##........##
......# ##.......#
......## #.......#
.......# ##.....##
......## ##....# .....##
#...# .....#######


You could see an ogre.


Message History

😕 HP[+1]
The orc misses you.
You closely miss the orc. You grab the orc. You constrict the orc.
The orc completely misses you.
You tentacle-slap the orc. You constrict the orc.
You kill the orc! 😎 HP[+1]
Your hp is fully restored (35).
You see here a +0 short sword.
You start waiting.
Done waiting.
There is a stone staircase leading down here.
Done exploring.
Done exploring.
Done exploring.
Done exploring.
You see here a +0 short sword.
There is an open door here.
There is a stone staircase leading down here.
You climb downwards.
Found 5 gold pieces.
Found an escape hatch in the ceiling.
Found a stone staircase leading up.
There is a stone staircase leading up here.
A kobold is nearby!
A kobold is nearby!
The helpless kobold fails to defend itself.
You tentacle-slap the kobold. You grab the kobold. You constrict the kobold.
You kill the kobold!
No target in view!
No target in view!
An iguana comes into view.
The iguana hisses angrily.
Things that are here:
a +0 whip; a stone An iguana is nearby!
An iguana is nearby!
An iguana is nearby!
The iguana misses you.
You tentacle-slap the iguana. Your grab misses the iguana.
The iguana barely misses you.
You tentacle-slap the iguana but do no damage.
Your grab misses the iguana. The iguana bites you! 😮 HP[-12]
You take 12 damage, and now have 23/35 hp.
MASSIVE DAMAGE!! (PAUSE)
You bludgeon the iguana! You grab the iguana. You constrict the iguana.
The iguana bites you. 😮 HP[-5]
You take 5 damage, and now have 18/35 hp.
You tentacle-slap the iguana but do no damage.
You squeeze the iguana.
You kill the iguana!
Key pressed, stopping explore.
You now have 156 gold pieces (gained 5).
d - 17 stones (gained 1)
You see here a +0 whip.
Key pressed, stopping explore.
Key pressed, stopping explore.
Found a staircase to the Ecumenical Temple. 😎 HP[+17]
Your hp is fully restored (35).
There is a staircase to the Ecumenical Temple here.
You climb downwards.
Welcome to the Ecumenical Temple!
Found a staircase back to the Dungeon.
There is a staircase back to the Dungeon here.
Done exploring.
Done exploring.
Done exploring.
You climb upwards.
Welcome back to the Dungeon!
There is a staircase to the Ecumenical Temple here.
There is a fountain of clear blue water here.
An orc is nearby!
An orc is nearby!
An orc is nearby!
The orc shouts!
You closely miss the orc. You grab the orc. You constrict the orc.
The orc misses you.
You bludgeon the orc!
You kill the orc!
No target in view!
No target in view!
No target in view!
No target in view!
Found a sacrificial altar of Ru.
An ogre comes into view. It is wielding a +0 giant spiked club.
An ogre is nearby!
The ogre shouts!
The ogre hits you with a +0 giant spiked club! 😮 HP[-10]
You take 10 damage, and now have 25/35 hp.
MASSIVE DAMAGE!! (PAUSE)
You tentacle-slap the ogre. The ogre misses you.
You tentacle-slap the ogre. You closely miss the ogre.
The ogre closely misses you.
You tentacle-slap the ogre. 😮 HP[+1]
You tentacle-slap the ogre.
The ogre hits you with a +0 giant spiked club!!
Ouch! That really hurt!
You die...

Skill      XL: |  1  2  3  4 |
---------------+-------------+-----
Fighting       | 2 |  2.5
Dodging        | 3 |  3.1
Unarmed Combat | |  3.9
Shapeshifting  | |  3.7

Action                     |  1- 3 |  4- 6 || total
---------------------------+-------+-------++-------
  Melee: Unarmed           |    78 |    52 ||   130
         Constrict         |    20 |    15 ||    35
         Tentacles         |     8 |    11 ||    19
         Punch             |     2 |       ||     2
    Use: Scroll            |     2 |     3 ||     5
   Stab: Sleeping          |    13 |     3 ||    16
 Armour: Skin              |    13 |       ||    13
  Dodge: Dodged            |    36 |    22 ||    58

Levels and vault maps discovered:
D:1:      shiori_shiawase, layout_basic, serial_shops, shop, hex_medium
D:2:      layout_loops_ring, shapermc_ecumenical_altar_mp_urbaneastern,
          st_stairs_8, dreamdust_wishing_well
D:3:      layout_basic, dk_noncrumbling_4, minmay_lizard_king
D:4:      layout_cave_pods, nicolae_ru_awakened_eye,
          mainiacjoe_overflow_alcove_1, mainiacjoe_overflow_six_doors_small,
          minmay_temple_entry_drinking_statues, kennysheep_diamond,
          nicolae_hexahallways, uniq_crazy_yiuf_cottage
Temple:   jpeg_temple_island

Notes
Turn   | Place    | Note
-------+----------+-------------------------------------------
     0 | D:1      | spiderkeys the Octopode Shapeshifter began the quest for
                  | the Orb.
     0 | D:1      | Reached XP level 1. HP: 13/13 MP: 1/1
     0 | D:1      | magus.rc [v1.11.6]
   162 | D:1      | Reached XP level 2. HP: 17/18 MP: 2/2
   607 | D:1      | Found Anuviy's Assorted Antiques.
   611 | D:1      | Bought a scroll labelled DAYLAEQECER for 28 gold pieces
   829 | D:1      | Reached XP level 3. HP: 20/23 MP: 3/3
  1148 | D:2      | You add the spells Ozocubu's Armour, Metabolic Englaciation
                  | and Simulacrum to your library.
  1549 | D:2      | Reached skill level 2 in Fighting
  1581 | D:2      | Found a faded altar of an unknown god.
  1722 | D:2      | Reached XP level 4. HP: 22/29 MP: 4/4
  2702 | D:3      | Reached skill level 3 in Dodging
  3004 | D:3      | Reached XP level 5. HP: 27/35 MP: 5/5
  3132 | D:4      | Noticed an ogre
  3431 | D:4      | Found a staircase to the Ecumenical Temple.
  3440 | Temple   | Entered the Ecumenical Temple
  3464 | D:4      | Found a sacrificial altar of Ru.
  3480 | D:4      | Noticed an ogre
  3491 | D:4      | Slain by an ogre

Vanquished Creatures
  An iguana (D:4)
  5 adders
  2 worms (D:2)
  A dart slug (D:2)
  5 orcs
  4 ball pythons
  6 endoplasms
  3 giant cockroaches
  3 hobgoblins
  6 jackals
  4 kobolds
  4 quokkas
  5 bats
  9 frilled lizards
  2 goblins
  5 rats
65 creatures vanquished.

Table legend:
 A = Non-vault XP
 B = Vault XP
 C = Vault XP percentage of total XP
 D = Non-vault monster count
 E = Vault monster count
 F = Vault count percentage of total count
                 A         B        C        D         E       F
            +---------+---------+-------+---------+---------+-------
      Total |     203 |       8 |   3.8 |      58 |       7 |  10.8
            +---------+---------+-------+---------+---------+-------
        D:1 |      34 |       0 |   0.0 |      22 |       0 |   0.0
        D:2 |      49 |       2 |   3.9 |      17 |       1 |   5.6
        D:3 |      77 |       6 |   7.2 |      14 |       6 |  30.0
        D:4 |      43 |       0 |   0.0 |       5 |       0 |   0.0
            +---------+---------+-------+---------+---------+-------

Skill      XL: |  1  2  3  4 |
---------------+-------------+-----
Fighting       | 2 |  2.5
Dodging        | 3 |  3.1
Unarmed Combat | |  3.9
Shapeshifting  | |  3.7

Action                     |  1- 3 |  4- 6 || total
---------------------------+-------+-------++-------
  Melee: Unarmed           |    78 |    52 ||   130
         Constrict         |    20 |    15 ||    35
         Tentacles         |     8 |    11 ||    19
         Punch             |     2 |       ||     2
    Use: Scroll            |     2 |     3 ||     5
   Stab: Sleeping          |    13 |     3 ||    16
 Armour: Skin              |    13 |       ||    13
  Dodge: Dodged            |    36 |    22 ||    58

Illustrated notes

Table legend:
 A = Kills in this place as a percentage of kills in the entire game.
 B = Kills by you in this place as a percentage of kills by you in the entire game.
 C = Kills by friends in this place as a percentage of kills by friends in the entire game.
 D = Other kills in this place as a percentage of other kills in the entire game.
 E = Experience gained in this place as a percentage of experience gained in the entire game.
 F = Experience gained in this place divided by the number of levels of this place that you have seen.
                   A       B       C       D       E      F
               +-------+-------+-------+-------+-------+----------------------
         Total | 100.0 | 100.0 |   N/A |   N/A | 100.0 |  42.2
       Dungeon | 100.0 | 100.0 |   N/A |   N/A | 100.0 |  52.8
               +-------+-------+-------+-------+-------+----------------------

Table legend: (Time is in decaauts)
 A = Elapsed time spent in this place.
 B = Non-inter-level travel time spent in this place.
 C = Inter-level travel time spent in this place.
 D = Time resting spent in this place.
 E = Time spent auto-exploring this place.
 F = Levels seen in this place.
 G = Mean time per level.
                   A        B        C        D        E       F      G
               +--------+--------+--------+--------+--------+-----+--------+
         Total |   3482 |   3398 |     84 |    137 |   2834 |   5 |  696.4 |
       Dungeon |   3480 |   3396 |     84 |    137 |   2834 |   4 |  870.0 |
        Temple |      1 |      1 |      0 |      0 |      0 |   1 |    1.0 |
               +--------+--------+--------+--------+--------+-----+--------+

Top non-repeatable levels by time:
     D:3: 1266 daAuts
     D:1: 1030 daAuts
     D:2: 945 daAuts
     D:4: 237 daAuts
  Temple: 1 daAuts
